 Dungeon Crawl Stone Soup version 0.27.1-34-g3ba077fa99 (webtiles) character file.

Game seed: 14058716936867223068

1136 Sharkman1231 the Chiller (level 7, 0/50 HPs)
             Began as a Demigod Ice Elementalist on Jan 27, 2022.
             Killed from afar by a white imp (12 damage)
             ... with a puff of frost
             ... on level 5 of the Dungeon.
             The game lasted 00:08:15 (6986 turns).

Sharkman1231 the Chiller (Demigod Ice Elementalist) Turns: 6986, Time: 00:08:16

Health: 0/50       AC:  8    Str:  5    XL:     7   Next: 91%
Magic:  16/16      EV:  9    Int: 25    God:
Gold:   190        SH:  0    Dex: 20    Spells: 6/14 levels left

rFire    . . .     SeeInvis .   v - +0 spear
rCold    . . .     Faith    .   (no shield)
rNeg     . . .     Spirit   .   n - +1 ring mail "Difalyops" {rElec Will+ rCorr Str-4}
rPois    .         Reflect  .   t - +0 helmet
rElec    +         Harm     .   g - +0 cloak
rCorr    +         Rampage  .   (no gloves)
Will     +....                  (no boots)
Stlth    ++........             q - amulet of magic regeneration
HPRegen  0.16/turn              s - +6 ring of dexterity
MPRegen  0.40/turn              (no ring)

@: no status effects
A: high mp 1, forlorn
a: no special abilities


You were on level 5 of the Dungeon.
You visited 2 branches of the dungeon, and saw 7 of its levels.

You collected 190 gold pieces.

Inventory:

Hand Weapons
 v - a +0 spear (weapon)
Missiles
 h - 2 curare-tipped darts (quivered)
Armour
 a - a +0 robe
 g - a +0 cloak (worn)
 m - a scarf of resistance
 n - the +1 ring mail "Difalyops" (worn) {rElec Will+ rCorr Str-4}
   (You found it on level 4 of the Dungeon)

   Str:       It affects your strength (-4).
   rElec:     It insulates you from electricity.
   rCorr:     It protects you from acid and corrosion.
   Will:      It increases your willpower.
 t - a +0 helmet (worn)
Jewellery
 q - an amulet of magic regeneration (around neck)
 s - a +6 ring of dexterity (left hand)
Scrolls
 e - 2 scrolls of amnesia {unknown}
 i - a scroll of enchant weapon {unknown}
 j - a scroll of teleportation {unknown}
 l - a scroll of immolation {unknown}
 o - a scroll of noise {unknown}
 p - a scroll of magic mapping {unknown}
 u - a scroll of fear {unknown}
Potions
 b - a potion of ambrosia
 c - 3 potions of lignification
 d - 2 potions of heal wounds {unknown}
 f - a potion of curing
 k - 2 potions of flight {unknown}
 r - a potion of brilliance {unknown}


   Skills:
 - Level 2.0 Throwing
 + Level 2.7 Armour
 - Level 1.7 Dodging
 - Level 1.7 Stealth
 * Level 4.2 Spellcasting
 + Level 0.0 Conjurations
 + Level 7.6 Ice Magic


You had 6 spell levels left.
You knew the following spells:

 Your Spells              Type           Power      Damage    Failure   Level
a - Freeze                Ice            100%       1d11      1%          1
b - Frozen Ramparts       Ice            86%        1d10      4%          3
c - Hailstorm             Conj/Ice       24%        3d7       63%         4

Your spell library contained the following spells:

 Spells                   Type           Power      Damage    Failure   Level
 Ozocubu's Armour         Ice            43%        N/A       4%          3
 Call Canine Familiar     Summ           5%         N/A       75%         3
 Portal Projectile        Hex/Tloc       10%        N/A       75%         3
 Leda's Liquefaction      Hex/Erth       2%         N/A       98%         4


Dungeon Overview and Level Annotations

Branches:
Dungeon (6/15)             Temple (1/1) D:4


Innate Abilities, Weirdness & Mutations

Your attributes grow dramatically as you level up.
You have an increased reservoir of magic. (+10% MP)
You shall have no god before yourself.


Message History

The white imp is heavily wounded.
The white imp closely misses you.
Unknown command.
You hit the white imp.
The white imp is severely wounded.
The white imp hits you but does no damage.
You hit the white imp but do no damage.
The white imp is severely wounded.
The white imp gestures at you. The puff of frost hits you.
You hit the white imp but do no damage.
The white imp is severely wounded.
The white imp gestures at you. The puff of frost misses you.
You hit the white imp but do no damage.
The white imp is severely wounded.
The white imp gestures at you. The puff of frost hits you.
You hit the white imp but do no damage.
The white imp is severely wounded.
The white imp barely misses you.
Your ring mail "Difalyops" prevents you from hitting the white imp.
The white imp is severely wounded.
The white imp hits you but does no damage.
You hit the white imp but do no damage.
The white imp is severely wounded.
The white imp hits you but does no damage.
The white imp hits you. The white imp freezes you.
* * * LOW HITPOINT WARNING * * *
You hit the white imp but do no damage.
The white imp is severely wounded.
The white imp gestures at you. The puff of frost misses you.
You closely miss the white imp.
The white imp is severely wounded.
The white imp hits you but does no damage.
Okay, then.
The white imp gestures at you. The puff of frost hits you!
You die...

#.#####################....
#.# #...) #.# ###### ##### #.#
#....# #.# #....#
###'###....#####
#....##..<)5...#########
#....##...)#...........#
#....##..).#@..........#
##....##....#...........######
#...........#.................
#.........###.................
#...>.........................
#.........###.................
#.........+...................
#.........##................(.
#######.#.##.)................


You could see a white imp.

Vanquished Creatures
  Sigmund (D:3)
  A black bear (D:4)
  A phantom (D:4)
  3 scorpions
  A water moccasin skeleton (D:5)
  A jelly (D:5)
  A hound (D:5)
  2 orc priests (D:4)
  A gnoll shaman (D:5)
  3 iguanas
  Jessica (D:3)
  4 orc wizards
  8 gnolls
  6 adders
  A white imp (D:5)
  3 worms
  2 dart slugs
  10 orcs
  6 ball pythons
  4 bats
  2 endoplasms (D:1)
  6 giant cockroaches
  3 goblins
  5 hobgoblins
  2 jackals (D:1)
  12 kobolds
  5 quokkas
  A frilled lizard (D:3)
  A quokka skeleton (D:4)
  8 rats
105 creatures vanquished.

Notes
Turn   | Place    | Note
-------+----------+-------------------------------------------
     0 | D:1      | Sharkman1231 the Demigod Ice Elementalist began the quest
                  | for the Orb.
     0 | D:1      | Reached XP level 1. HP: 14/14 MP: 5/5
   276 | D:1      | Reached skill level 4 in Ice Magic
   289 | D:1      | Reached XP level 2. HP: 17/20 MP: 0/7
  1158 | D:2      | Reached XP level 3. HP: 26/26 MP: 4/8
  1611 | D:2      | Reached skill level 5 in Ice Magic
  1706 | D:2      | Learned a level 3 spell: Frozen Ramparts
  1874 | D:2      | Reached XP level 4. HP: 4/33 MP: 5/9
  2356 | D:3      | Noticed Sigmund
  2911 | D:3      | Noticed Jessica
  2914 | D:3      | Killed Jessica
  2915 | D:3      | Reached skill level 1 in Throwing
  3036 | D:3      | Reached XP level 5. HP: 35/38 MP: 6/10
  3279 | D:3      | Killed Sigmund
  3280 | D:3      | Reached skill level 6 in Ice Magic
  3280 | D:3      | Reached XP level 6. HP: 33/45 MP: 7/11
  3718 | D:4      | Reached skill level 7 in Ice Magic
  3778 | D:4      | Identified the +1 ring mail "Difalyops" {rElec Will+ rCorr
                  | Str-4}
  4196 | D:4      | Reached skill level 1 in Armour
  4196 | D:4      | Reached XP level 7. HP: 40/50 MP: 7/14
  4552 | D:4      | Found a staircase to the Ecumenical Temple.
  4814 | Temple   | Entered the Ecumenical Temple
  4854 | D:5      | Entered Level 5 of the Dungeon
  6124 | D:4      | Learned a level 4 spell: Hailstorm
  6986 | D:5      | Killed from afar by a white imp

Illustrated notes

Levels and vault maps discovered:
D:1:      sevenhm_arrival_forest_fort_small_3, layout_loops_ring,
          ebering_ecumenical_altar_hall
D:2:      minmay_chambers_of_twos, layout_rooms
D:3:      layout_basic, chequers_serial_rivers_large_b, minivault_19,
          uniq_jessica, uniq_sigmund
D:4:      layout_gridville, okawaru_ov_weapons_minmay,
          minmay_temple_entry_antechambers
D:5:      layout_basic, supply_closet_lemuel, minmay_fractal_squares_5
D:6:      layout_rooms, kennysheep_mini_moat
Temple:   dpeg_five_rooms_temple

Skill      XL: |  1  2  3  4  5  6  7 |
---------------+----------------------+-----
Ice Magic      | 4 5 6 7 |  7.6
Throwing       | 1 2 |  2.0
Spellcasting   | 2 4 |  4.2
Armour         | 1 2 |  2.7
Dodging        | |  1.7
Stealth        | |  1.7

Action                   |  1- 3 |  4- 6 |  7- 9 || total
-------------------------+-------+-------+-------++-------
Melee: Unarmed           |    11 |    13 |    58 ||    82
       Spear             |       |       |    18 ||    18
Throw: Dart              |       |     1 |       ||     1
 Cast: Freeze            |    62 |    65 |   103 ||   230
       Frozen Ramparts   |       |     5 |     9 ||    14
  Use: Scroll            |     2 |     2 |       ||     4
Armor: Robe              |    13 |     4 |       ||    17
       Ring mail         |       |     4 |    86 ||    90
Dodge: Dodged            |    37 |    37 |    72 ||   146
